[Event "Tsaghkadzor Open 2024"]
[Site "Tsaghkadzor"]
[Date "2024.10.02"]
[Round "4.1"]
[White "Andriasian, Zaven"]
[Black "Karthik Venkataraman"]
[Result "1/2-1/2"]
[ECO "B30"]
[WhiteElo "2558"]
[BlackElo "2581"]
[Annotator "TA"]
[PlyCount "35"]
[EventDate "2024.09.13"]
[EventType "swiss"]
[EventCountry "ARM"]
[SourceTitle "playchess.com"]
[Source "ChessBase"]
[SourceQuality "1"]
[TimeControl "40/5400+30:1800+30"]

1. e4 c5 2. Nf3 Nc6 3. Bb5 e6 4. O-O Nge7 5. Re1 a6 6. Bxc6 Nxc6 7. d4 cxd4 8. Nxd4 Qc7 9. Nc3 Bd6 10. Nxc6 {[%emt 0:05:44] Die Stellung ist ausgeglichen.} dxc6 11. Qh5 {[%emt 0:00:29] und nun wäre e5 stark für Weiss.} e5 12. Be3 b5 13. a4 {[%emt 0:08:03] Droht axb5 und aus.} Rb8 14. axb5 axb5 15. Ne2 O-O 16. Ng3 g6 {[%emt 0:01:24] Wehrt Nf5 ab} 17. Qe2 Qe7 18. Red1 {[%emt 0:04:10] Hier war wenig los.   Gewichteter Fehlerwert: Weiß=0.04 (makellos) /Schwarz=0.03 (makellos) .  OK:         	Weiß=6     	Schwarz=4} 1/2-1/2

[Event "Tsaghkadzor Open 2024"]
[Site "Tsaghkadzor"]
[Date "2024.10.02"]
[Round "4.2"]
[White "Lobanov, Sergei"]
[Black "Audi Ameya"]
[Result "1/2-1/2"]
[ECO "B95"]
[WhiteElo "2506"]
[BlackElo "2413"]
[Annotator "TA"]
[PlyCount "47"]
[EventDate "2024.09.13"]
[EventType "swiss"]
[EventCountry "ARM"]
[SourceTitle "playchess.com"]
[Source "ChessBase"]
[SourceQuality "1"]
[TimeControl "40/5400+30:1800+30"]

1. e4 c5 2. Nf3 d6 3. d4 cxd4 4. Nxd4 Nf6 5. Nc3 a6 6. Bg5 e6 7. Qf3 Be7 8. O-O-O Nbd7 9. g4 h6 10. Bd2 Qb6 11. Be1 {[%emt 0:00:30] White is slightly better.} Ne5 12. Qg3 g5 (12... Nc6 $11 13. Nxc6 Qxc6) 13. h4 $16 {[%emt 0:00:30] [#] Hoping for hxg5.} Rg8 14. hxg5 hxg5 15. f3 Bd7 16. Rh6 O-O-O 17. Bf2 {[%emt 0:00:30][%cal Od4f5] [#] Strongly threatening Nf5!} Qc7 18. Qg1 Bc6 19. Be2 Rh8 20. Rxh8 Rxh8 21. Be3 {[%emt 0:00:30] The position is equal.} Nfd7 22. Qe1 Nb6 23. Kb1 Bd7 24. Nb3 {[%emt 0:00:30] Weighted Error Value: White=0.05 (flawless) /Black=0.09 (flawless) .  Mistake:       	---       	Black=1      Inaccurate:     	White=1     	---        OK:         	White=5     	Black=9      Best:        	White=1     	---} 1/2-1/2

[Event "Tsaghkadzor Open 2024"]
[Site "Tsaghkadzor"]
[Date "2024.10.02"]
[Round "4.3"]
[White "Goganov, Aleksey"]
[Black "Zverev, Lev"]
[Result "1-0"]
[ECO "C70"]
[WhiteElo "2463"]
[BlackElo "2448"]
[Annotator "TA"]
[PlyCount "73"]
[EventDate "2024.09.13"]
[EventType "swiss"]
[EventCountry "ARM"]
[SourceTitle "playchess.com"]
[Source "ChessBase"]
[SourceQuality "1"]
[TimeControl "40/5400+30:1800+30"]

1. e4 e5 2. Nf3 Nc6 3. Bb5 a6 4. Ba4 Bc5 5. c3 Nge7 6. d4 exd4 7. cxd4 Bb4+ 8. Bd2 {[%emt 0:00:37] White has an edge.} Bxd2+ 9. Qxd2 d5 10. exd5 Qxd5 11. Nc3 Qe6+ 12. Qe3 b5 13. Bb3 $36 {[%emt 0:01:10][%mdl 2048] White has good play.} Qd6 14. Ne4 {[%emt 0:06:20] White is more active.} Qb4+ 15. Kf1 $1 {[%emt 0:00:45] And now a3 would win.} Na5 {[%emt 0:01:17] White leaves nothing to chance now.} (15... Be6 $1 $14) 16. Nc5 $18 Nxb3 17. axb3 {[%emt 0:00:37] Ne5 would now be deadly.} Be6 18. Nxa6 {[%emt 0:11:28] A dynamic duo of knights.} (18. Rxa6 Rxa6 19. Nxa6 Qd6 $15) (18. Nxe6 fxe6 19. Re1 (19. Qxe6 Qd6 $16) 19... Qd6 $16) 18... Nf5 $2 (18... Rxa6 {keeps fighting.} 19. Rxa6 O-O) 19. Qd3 ({And not} 19. Nxc7+ Kd7 20. Ne5+ (20. Rxa8 $2 Nxe3+ 21. fxe3 Rxa8 $19) 20... Kd6 $11 (20... Kxc7 21. Qc1+ $16)) (19. Nxb4 $142 Rxa1+ 20. Ke2 Rxh1 21. Qc3) 19... Rxa6 20. Rxa6 {[%emt 0:00:36] Threatens to win with Ra8+.} O-O 21. g4 Bc8 22. Ra7 Ne7 23. Rg1 ({Don't take} 23. Rxc7 Qd6 24. Rc5 b4 (24... Bxg4 25. Rg1 $16)) 23... Nc6 $2 (23... Nd5 24. Rg3 Qd6 25. Qxb5 Nf4) 24. Rxc7 Qd6 {[%emt 0:00:11] [#]} 25. Ng5 $1 g6 {[%emt 0:04:31] [#]} 26. Qh3 $1 h5 {[%emt 0:00:09] [#]} 27. Rxc8 Rxc8 28. gxh5 Ra8 29. hxg6 Ra1+ 30. Kg2 {[%emt 0:00:17] White threatens Qh7+ and mate.} Qd5+ 31. Nf3 {[%emt 0:00:10] White wants to mate with Qh7+.} Rxg1+ 32. Kxg1 {[%emt 0:00:02] Intending Qh7+ and mate.} fxg6 {[%emt 0:00:09] KQN-KQN} 33. Qc8+ Kg7 34. Qc7+ Kg8 35. Qf4 {[%emt 0:00:16] Qf6 is the strong threat.} b4 $2 (35... Ne7 36. Qb8+ Kg7) 36. Qf6 Qe4 37. h3 {[%emt 0:00:19] Inhibits Qg4+.   Weighted Error Value: White=0.22 (precise) /Black=0.46.  Mistake:       	White=1     	Black=4      Inaccurate:     	White=1     	Black=2      OK:         	White=10    	Black=12     Best:        	White=5     	Black=6      Strong:       	White=2     	---} 1-0

[Event "Tsaghkadzor Open 2024"]
[Site "Tsaghkadzor"]
[Date "2024.10.02"]
[Round "4.4"]
[White "Yeritsyan, Hayk"]
[Black "Torosyan, Volodya"]
[Result "1-0"]
[ECO "B51"]
[WhiteElo "2229"]
[BlackElo "2187"]
[Annotator "RC"]
[PlyCount "111"]
[EventDate "2024.09.13"]
[EventType "swiss"]
[EventCountry "ARM"]
[SourceTitle "playchess.com"]
[Source "ChessBase"]
[SourceQuality "1"]
[TimeControl "40/5400+30:1800+30"]

1. e4 c5 2. Nf3 d6 3. Bb5+ Nd7 4. O-O a6 5. Be2 Ngf6 6. d3 g6 7. c4 b5 8. cxb5 axb5 9. d4 cxd4 10. Nxd4 b4 11. Be3 Bb7 12. Qb3 Qa5 13. Bc4 e6 14. Nd2 Be7 15. Rfc1 Nc5 16. Bb5+ Kf8 17. Bh6+ Kg8 18. Qh3 Nfxe4 19. Nc6 Qc7 20. Nxe4 Nxe4 21. Nxe7+ Qxe7 22. Bc6 f5 23. Qe3 Kf7 24. Qd4 Rhg8 25. Bxb7 Qxb7 26. f3 Nf6 27. Qxd6 Nd5 28. Rc6 Qe7 29. Re1 Qxd6 30. Rxd6 Rge8 31. Bg5 Ra7 32. b3 Nc3 33. Be3 Rb7 34. Ra6 e5 35. Bc5 Re6 36. Ra8 e4 37. Rh8 Rb5 38. Rxh7+ Ke8 39. Bd4 Nd5 40. Rc1 Kd8 41. fxe4 fxe4 42. Rf1 e3 43. Rff7 Ra5 44. Rb7 Ra8 45. Rbd7+ Ke8 46. Rxd5 e2 47. Bf2 Rxa2 48. Rh8+ Ke7 49. Bh4+ g5 50. Bxg5+ Kf7 51. Rd7+ Kg6 52. Rh6+ Kf5 53. Rxe6 Kxe6 54. Re7+ Kf5 55. Bh4 Kg4 56. Be1 1-0

[Event "Tsaghkadzor Open 2024"]
[Site "Tsaghkadzor"]
[Date "2024.10.02"]
[Round "4.5"]
[White "Lysyj, Igor"]
[Black "Chaqryan, Erik"]
[Result "1-0"]
[ECO "E94"]
[WhiteElo "2589"]
[BlackElo "2335"]
[Annotator "TA"]
[PlyCount "91"]
[EventDate "2024.09.13"]
[EventType "swiss"]
[EventCountry "ARM"]
[SourceTitle "playchess.com"]
[Source "ChessBase"]
[SourceQuality "1"]
[TimeControl "40/5400+30:1800+30"]

1. d4 Nf6 2. c4 g6 3. Nc3 Bg7 4. e4 d6 5. Nf3 O-O 6. Be2 e5 7. Be3 Na6 8. O-O Qe7 9. Qc2 Bg4 10. dxe5 dxe5 11. Nd5 {[%emt 0:00:30] White is slightly better.} Nxd5 (11... Qe8 $14) 12. cxd5 $16 Bxf3 13. Bxf3 c6 14. dxc6 {[%emt 0:00:30] Threatens to win with Rac1.} Rac8 15. Qa4 Rxc6 16. Rad1 Rfc8 17. Bg4 (17. Bxa7 $2 b5 18. Qxb5 Qxa7 $19) 17... R8c7 18. Be2 h5 19. Bxa7 Rc2 20. Bxa6 bxa6 21. Be3 Qe6 22. Rc1 R2c4 23. Rxc4 Rxc4 24. Qb3 Qc6 25. f3 Bf6 26. Rd1 a5 27. Qb8+ Kg7 28. Qd6 $1 {[%emt 0:00:30] White is much more active.} ({Much weaker is} 28. Rd6 Rc1+ 29. Kf2 (29. Bxc1 Qxc1+ 30. Kf2 Bg5 $11) 29... Rc2+ 30. Kg3 Qc4 $11) 28... Qxd6 29. Rxd6 {[%emt 0:00:30][%mdl 4096] Endgame. KRB-KRB} Rc2 30. Rd2 Rc1+ 31. Kf2 a4 32. Ke2 Ra1 {[%emt 0:00:30] [#]} 33. a3 $1 Rc1 {[%emt 0:00:30] Wards off Rc2} 34. Kd3 Bh4 {[%emt 0:00:30] [#]} (34... Rc8 $16 35. Rc2 Rd8+ 36. Ke2 Rb8) 35. Rc2 $1 $18 Rh1 36. h3 Bg3 (36... f5 $142 37. Bd2 fxe4+ 38. fxe4 (38. Kxe4 Bg3 $18) 38... Kf6) 37. Kc4 Re1 38. Bd2 Rf1 39. Bc3 {[%emt 0:00:30] White is clearly winning.} f5 40. Kb5 Kf6 41. Kxa4 Bf2 42. Kb5 Bd4 43. a4 Bxc3 44. Rxc3 Rf2 45. Rb3 Rxg2 46. a5 {[%emt 0:00:00] Weighted Error Value: White=0.06 (flawless) /Black=0.21 (precise) .  Mistake:       	---       	Black=3      Inaccurate:     	White=3     	Black=4      OK:         	White=20    	Black=10     Best:        	White=1     	Black=4      Strong:       	White=2     	---} 1-0

[Event "Tsaghkadzor Open 2024"]
[Site "Tsaghkadzor"]
[Date "2024.10.02"]
[Round "4.6"]
[White "Gabuzyan, Hovhannes"]
[Black "Pashikyan, Rudolf"]
[Result "1-0"]
[ECO "E06"]
[WhiteElo "2579"]
[BlackElo "2279"]
[Annotator "TA"]
[PlyCount "111"]
[EventDate "2024.09.13"]
[EventType "swiss"]
[EventCountry "ARM"]
[SourceTitle "playchess.com"]
[Source "ChessBase"]
[SourceQuality "1"]
[TimeControl "40/5400+30:1800+30"]

1. Nf3 d5 2. g3 Nf6 3. Bg2 e6 4. O-O Be7 5. c4 O-O 6. Qc2 c5 7. d4 Nc6 8. cxd5 Nb4 9. Qb3 Qxd5 10. dxc5 {[%emt 0:00:10] The position is equal.} Qxb3 11. axb3 Bxc5 12. Nc3 a6 13. Bd2 Nc6 14. Rfc1 Ba7 15. Na4 e5 16. e3 (16. Rxc6 {is more complex.} bxc6 17. Nxe5 Ng4 18. Nxc6 Bxf2+ 19. Kf1) 16... Ne4 17. Be1 f5 18. b4 f4 19. exf4 exf4 {[%emt 0:00:06] [#]} 20. b5 fxg3 21. hxg3 axb5 22. Nb6 Nxg3 23. Nxa8 $16 Ne2+ 24. Kh1 Nxc1 25. Rxc1 Bg4 26. Nh2 Bd7 27. Rd1 Be6 28. Nc7 Bc4 29. Ng4 Be2 30. Ra1 Bxg4 31. Bxc6 (31. Nxb5 Bb8 $17 (31... Bxf2 $2 32. Bd5+ Kh8 33. Bxf2 $18)) 31... bxc6 32. Rxa7 h5 33. Kg2 h4 34. Bc3 Rf7 35. Be5 Bd7 (35... Bf5 $16 {was called for.} 36. Ra8+ Kh7) 36. f4 $18 Kh7 37. Kh2 (37. Ra8 $18) 37... Bg4 {[%emt 0:01:01] [#]} 38. Nxb5 $1 Rxa7 39. Nxa7 Bd7 40. Kg2 Kh6 41. Kf3 Kg6 (41... c5 $142 42. b3 g5) 42. b4 $16 Kh6 43. Bd4 Kg6 44. Ke4 {[%emt 0:00:30] Ke5 would now be deadly.} h3 {[%emt 0:00:30] aiming for ...h2.} 45. Kf3 Bg4+ (45... Kh7 $16 {was worth a try.} 46. Kg3 Kg6) 46. Kg3 $18 (46. Kxg4 $2 h2 47. Nxc6 (47. f5+ $2 Kh7 $19) 47... h1=Q (47... h1=R $2 48. b5 $18) 48. Ne5+ Kh7 $19) 46... Bd7 47. Bc3 Kh6 $2 {[%emt 0:00:30] [#]} (47... Kf7 {was necessary.} 48. f5 Kg8) 48. f5 $1 Kg5 49. Kxh3 (49. Bxg7 Kxf5 50. Kh2 (50. Kxh3 Kg6+ 51. Kg3 Kxg7 $11) 50... Ke4 $14) 49... Kxf5 50. Kg3 ({Stronger than} 50. Bxg7 Kg6+ 51. Kg3 Kxg7 $11) 50... g5 51. Kf3 g4+ {[%emt 0:00:30] [#]} 52. Ke3 $1 Ke6 {[%emt 0:00:30] [#]} 53. Ke4 $1 Be8 54. Nc8 {[%emt 0:00:30] Hoping for Be5.} Kd7 55. Nb6+ Kc7 56. Bd4 {[%emt 0:00:30] Weighted Error Value: White=0.08 (flawless) /Black=0.19 (very precise) .  Mistake:       	White=2     	Black=5      Inaccurate:     	White=3     	Black=3      OK:         	White=24    	Black=14     Best:        	White=5     	Black=6      Strong:       	White=2     	---        Brilliant:      	White=1     	---} 1-0

[Event "Tsaghkadzor Open 2024"]
[Site "Tsaghkadzor"]
[Date "2024.10.02"]
[Round "4.7"]
[White "Nozdrachev, Vladislav"]
[Black "Yeremyan, Alen"]
[Result "1-0"]
[ECO "B33"]
[WhiteElo "2515"]
[BlackElo "2268"]
[Annotator "TA"]
[PlyCount "65"]
[EventDate "2024.09.13"]
[EventType "swiss"]
[EventCountry "ARM"]
[SourceTitle "playchess.com"]
[Source "ChessBase"]
[SourceQuality "1"]
[TimeControl "40/5400+30:1800+30"]

1. e4 c5 2. Nf3 Nc6 3. d4 cxd4 4. Nxd4 Nf6 5. Nc3 e5 6. Ndb5 d6 7. Nd5 Nxd5 8. exd5 Nb8 9. a4 Be7 10. Be2 O-O 11. O-O f5 12. f4 a6 13. Na3 Nd7 14. Nc4 Bf6 15. Kh1 (15. Nxd6 $2 Qb6+ 16. Kh1 Qxd6 $19) 15... Qe7 {[%emt 0:06:48] White is slightly better.} 16. Ra3 Rb8 17. Re3 b6 18. b3 {[%emt 0:02:03] Hoping for Ba3.} e4 19. b4 {[%emt 0:03:40] Inhibits Nc5.} (19. Ba3 $14 Nc5 20. a5) 19... g6 (19... b5 $11 20. Na5 Qf7) 20. g4 $16 Bg7 21. gxf5 Rxf5 22. Rg3 Rf8 ({Black should play} 22... Rf7 $14) 23. Be3 {[%emt 0:01:09] White is more active.} Bb7 (23... Bh6 $16 24. f5 Bxe3) 24. Bg4 $18 {[%emt 0:01:02] Be6+ would now be deadly.} (24. Nxb6 Nxb6 25. Bxb6 Rf5 $16) 24... Rf6 (24... Bc8 {was worth a try.} 25. Be6+ Kh8) 25. Be6+ (25. Bxb6 e3 26. Bxe3 (26. Rxe3 Qf7 $15) 26... Qe4+ 27. Kg1 Qxc4 28. Bxd7 Bxd5 $11) (25. Nxb6 Nxb6 26. Bxb6 Bc8 $16) 25... Rxe6 26. dxe6 Qxe6 27. Nxd6 (27. Nxb6 $2 {is the wrong capture.} Nxb6 28. f5 Qe5 (28... gxf5 $2 29. Rfg1 $18) 29. fxg6 Nd5 (29... Nxa4 $2 30. gxh7+ Kh8 31. Rfg1 $18) 30. gxh7+ Kh8 $19) 27... Bd5 28. c4 Bxc4 {[%emt 0:00:55] [#]} (28... Qxd6 29. cxd5 (29. Qxd5+ Qxd5 30. cxd5 b5 $18) 29... Rc8) 29. f5 Qd5 30. Nxc4 Qxc4 31. fxg6 h6 32. Qc1 (32. Rf7 $142 Ne5 33. Qd6 (33. Qd4 Qxd4 34. Bxd4 Nxf7 $18)) 32... Qe6 {[%emt 0:00:51] [#]} (32... Qxc1 33. Rxc1 Be5) 33. Bxh6 {[%emt 0:00:20] Weighted Error Value: White=0.61/Black=0.44.  Mistake:       	White=1     	Black=5      Inaccurate:     	---       	Black=1      OK:         	White=9     	Black=3      Best:        	White=1     	---} 1-0

[Event "Tsaghkadzor Open 2024"]
[Site "Tsaghkadzor"]
[Date "2024.10.02"]
[Round "4.8"]
[White "Sahakyan, Aleks"]
[Black "Pour Agha Bala, Amirreza"]
[Result "1-0"]
[ECO "B51"]
[WhiteElo "2267"]
[BlackElo "2506"]
[Annotator "TA"]
[PlyCount "71"]
[EventDate "2024.09.13"]
[EventType "swiss"]
[EventCountry "ARM"]
[SourceTitle "playchess.com"]
[Source "ChessBase"]
[SourceQuality "1"]
[TimeControl "40/5400+30:1800+30"]

1. e4 c5 2. Nf3 d6 3. Bb5+ Nc6 4. O-O Bd7 5. Re1 a6 6. Bxc6 Bxc6 7. d4 cxd4 8. Nxd4 Rc8 9. c4 Nf6 10. Nc3 e6 {[%emt 0:00:14] White has an edge.} 11. b3 Be7 12. Bb2 O-O 13. Qd2 Bd7 14. Rad1 Qc7 15. Qd3 {[%emt 0:13:52] White is more active.} ({White should try} 15. Ba3 $14) 15... Rfe8 $11 16. Qg3 g6 17. a4 Rcd8 18. Ba3 Bc8 {[%emt 0:01:37] [#]} 19. c5 $1 {[%emt 0:09:56] aiming for cxd6.} Nh5 $1 20. cxd6 Rxd6 21. Bxd6 Bxd6 22. Qh3 ({White should play} 22. Qe3 $14 Bxh2+ 23. Kf1) 22... e5 $1 $15 {[%emt 0:01:03][%csl LRd4,LRh3][%mdl 1024] Black has compensation.} 23. Nf5 $1 Nf4 {[%emt 0:00:08] Repels Nd5} (23... gxf5 $2 24. Qxh5 (24. Nd5 Qd8 $18) 24... Qxc3 25. Qg5+ (25. exf5 e4 $11) 25... Kh8 26. Re3 $18 (26. exf5 e4 $17) (26. Qf6+ Kg8 $18)) 24. Qg3 Bb4 25. Rc1 Rd8 (25... Be6 $1 $15 26. Re3 (26. Nd5 $2 Ne2+ 27. Kh1 Nxg3+ $19) 26... Ba3 (26... Bxb3 27. h3 $11)) 26. Kf1 $11 (26. Nd5 $2 Ne2+ 27. Kf1 Nxg3+ $19) 26... Qa5 {[%emt 0:12:02] Prevents Nd5.} 27. Red1 (27. Qg5 $11 Ne6 (27... Bxc3 $2 {is the wrong capture.} 28. Rxc3 Be6 29. Qf6 $18) (27... Bxf5 28. exf5 h6 29. Qf6 $14) 28. Nh6+ Kg7 29. Nf5+ Kg8 (29... Kf8 $2 30. Qf6 $18) 30. Ne7+ Kg7 (30... Kf8 $2 31. Qf6 $18) 31. Nf5+ Kg8 (31... Kf8 $2 32. Qf6 $18)) 27... Be6 (27... Rxd1+ $1 $15 28. Nxd1 Qd8) 28. Qg5 Re8 {[%emt 0:06:49] [#] This move loses the game for Black.} (28... Rxd1+ $1 $11 29. Rxd1 (29. Nxd1 Nd3 $11) 29... Bf8 (29... Bxc3 30. Qd8+ Qxd8 31. Rxd8#) (29... Bxf5 $2 30. exf5 Bf8 31. fxg6 $18)) 29. Nd5 $1 $18 Nxd5 30. Nh6+ Kg7 31. exd5 $40 {[%emt 0:00:36][%mdl 128] White is out for blood.} f6 $2 (31... Bd7) 32. Qh4 Bxd5 33. Ng4 Rf8 {[%emt 0:00:39] [#]} (33... Be7 $18 34. b4 Qxb4) 34. Rxd5 $1 {[%emt 0:01:02][%mdl 512] White mates.} Qxd5 (34... Be7 35. Rxa5) 35. Rc7+ Rf7 36. Qxf6+ {[%emt 0:00:09] Weighted Error Value: White=0.26 (precise) /Black=0.43.  Loses game:     	---       	Black=1      Mistake:       	White=3     	Black=4      Inaccurate:     	White=2     	Black=2      OK:         	White=7     	Black=9      Best:        	White=2     	Black=2      Strong:       	White=1     	Black=2      Brilliant:      	White=1     	---} 1-0